 Dungeon Crawl Stone Soup version 0.21.1-1-g345015f (webtiles) character file.

56 Moebius the Digger (level 3, 0/19 HPs)
             Began as a Gargoyle Earth Elementalist on Jan 19, 2018.
             Slain by an adder (3 damage)
             ... on level 2 of the Dungeon on Feb 6, 2018.
             The game lasted 00:06:31 (1489 turns).

Moebius the Digger (Gargoyle Earth Elementalist)    Turns: 1489, Time: 00:06:32

Health: 0/19       AC:  8    Str: 11    XL:     3   Next: 97%
Magic:  6/6        EV: 11    Int: 16    God:
Gold:   105        SH:  0    Dex: 10    Spells: 2/6 levels left

rFire    . . .     SeeInvis .   q - +0 mace (drain)
rCold    + . .     Gourm    .   (no shield)
rNeg     + . .     Faith    .   j - +2 leather armour {rC+}
rPois    ∞         Spirit   .   (no helmet)
rElec    +         Reflect  .   (no cloak)
rCorr    .         Harm     .   (no gloves)
MR       .....                  (no boots)
Stlth    ++........             (no amulet)
HPRegen  0.06/turn              (no ring)
MPRegen  0.10/turn              (no ring)

@: no status effects
A: negative energy resistance 1, electricity resistance, unbreathing,
petrification resistance, rot immunity, AC +3
a: no special abilities


You were on level 2 of the Dungeon.
You were not hungry.

You visited 1 branch of the dungeon, and saw 3 of its levels.

You collected 105 gold pieces.

Inventory:

Hand Weapons
 g - a +0 club
 q - a +0 mace of draining (weapon)
Missiles
 b - 56 stones
 k - 67 arrows
 l - 42 sling bullets
 n - 3 steel javelins (quivered)
Armour
 c - a +0 robe
 j - a +2 leather armour of cold resistance (worn)
Jewellery
 h - an uncursed amulet of faith {unknown}
 o - an uncursed ring of stealth {unknown}
Scrolls
 a - 5 scrolls of identify {unknown}
 m - 2 scrolls of remove curse {unknown}
Potions
 i - a potion of ambrosia {unknown}
 p - a potion of resistance {unknown}
 r - a potion of cancellation {unknown}
Books
 e - a book of Geomancy

   Spells                             Type                      Level
   a - Sandblast                      Earth                        1
   b - Passwall                       Transmutation/Earth          2
   c - Stone Arrow                    Conjuration/Earth            3
   d - Petrify                        Transmutation/Earth          4
   e - Lee's Rapid Deconstruction     Earth                        5
Comestibles
 d - 5 rations


   Skills:
 + Level 0.2 Fighting
 + Level 0.3 Maces & Flails
 + Level 0.8 Throwing
 - Level 1.5 Dodging
 - Level 2.1 Stealth
 + Level 2.4 Spellcasting
 * Level 1.0 Conjurations
   Level 0.7 Transmutations
 + Level 4.7 Earth Magic


You had 2 spell levels left.
You knew the following spells:

 Your Spells              Type           Power        Failure   Level  Hunger
a - Sandblast             Erth           ###...       3%          1    #......
b - Stone Arrow           Conj/Erth      ##....       24%         3    ###....


Dungeon Overview and Level Annotations

Branches:
Dungeon (3/15)

Altars:
Fedhas


Innate Abilities, Weirdness & Mutations

You are resistant to torment.
Your stone body is resilient. (AC +3)
You are immune to poison.
You resist negative energy. (rN+)
You are resistant to electric shocks. (rElec)
You can survive without breathing.
You are immune to petrification.
You are immune to rotting.


Message History

You are too injured to fight recklessly!
You are too injured to fight recklessly!
You are too injured to fight recklessly!
You miss the adder.
The adder is almost dead.
The adder barely misses you. The adder bites you.
You miss the adder.
The adder is almost dead.
The adder bites you.
* * * LOW HITPOINT WARNING * * *
You barely miss the adder.
The adder is almost dead.
The adder misses you. x2
You miss the adder.
The adder is almost dead.
The adder bites you but does no damage. The adder barely misses you.
You barely miss the adder.
The adder is severely wounded.
The adder closely misses you. The adder bites you.
You die...

#### ...
#########..#
#........#..# #
##........#..#####
#
.##........#S......
# .##........@.# #
###.#.........### #
#... .##......# #
#.. .........# #
#.#.#.###.....#
#.#<#.#.........#
#.#...#####.....#
#.####....#.....#
#.####.##.#.....#


You could see an adder.

Vanquished Creatures
  2 adders (D:2)
  2 dart slugs (D:1)
  2 leopard geckos
  4 goblins
  4 hobgoblins
  4 jackals
  4 kobolds
  4 bats
  3 frilled lizards
  2 rats (D:1)
31 creatures vanquished.

Notes
Turn   | Place    | Note
-------+----------+-------------------------------------------
     0 | D:1      | Moebius the Gargoyle Earth Elementalist began the quest for the Orb.
     0 | D:1      | Reached XP level 1. HP: 10/10 MP: 3/3
   151 | D:1      | Reached skill level 4 in Earth Magic
   153 | D:1      | Reached XP level 2. HP: 5/15 MP: 5/5
   770 | D:1      | Reached XP level 3. HP: 19/19 MP: 6/6
   775 | D:1      | Learned a level 3 spell: Stone Arrow
   840 | D:1      | Upgraded the game from 0.21.0-24-g2553a33 to 0.21.1-1-g345015f
  1094 | D:2      | Reached skill level 1 in Conjurations
  1128 | D:2      | Found a blossoming altar of Fedhas.
  1489 | D:2      | Slain by an adder

Skill      XL: |  1  2  3 |
---------------+----------+-----
Earth Magic    | 4 |  4.7
Conjurations   | 1 |  1.0
Fighting       | |  0.2
Maces & Flails | |  0.3
Throwing       | |  0.8
Dodging        | |  1.5
Stealth        | |  2.1
Spellcasting   | |  2.4
Transmutations | |  0.7

Action                   || total
-------------------------++-------
Melee: Club              ||    89
       Mace              ||    28
Throw: Javelin           ||    20
       Stone             ||     3
 Cast: Sandblast         ||    16
  Use: Potion            ||     1
 Stab: Sleeping          ||     1
  Eat: Chunk             ||     2
Armor: Leather armour    ||    64
       Robe              ||     1
Dodge: Dodged            ||    98
